Map: Mech Depot LE

Players

anarchy - Winner!

  • Race: Protoss Protoss
  • League: Diamond
  • Spawn Location: 7:00

Yata

  • Race: Zerg Zerg
  • League: Platinum
  • Spawn Location: 1:00

VOD

Have the link to the VOD?

Description

Time

  • Played on: Sept. 14, 2017, 9:44 p.m.
  • Length: 13:12
Show
View Real Time Build Order
Export as new Build Order

anarchy Protoss - Winner!

Build Orders: 1 Gate Expand, Oracle Opening 

Get SALT Encoding   

  12  0:00  Probe (Chrono Boost)  
  13  0:11  Probe (Chrono Boost)  
  14  0:18  Pylon  
  14  0:22  Probe (Chrono Boost)  
  15  0:36  Probe (Chrono Boost)  
  15  0:42  Gateway  
  16  0:47  Probe (Chrono Boost)  
  17  0:50  Assimilator  
  17  0:57  Probe (Chrono Boost)  
  18  1:08  Probe (Chrono Boost)  
  19  1:25  Nexus  
  19  1:31  Zealot (Chrono Boost)  
  21  1:41  Cybernetics Core  
  21  1:48  Pylon  
  21  1:52  Probe (Chrono Boost)  
  22  2:03  Assimilator, Probe (Chrono Boost)  
  23  2:13  Probe (Chrono Boost)  
  24  2:21  Stalker  
  24  2:22  Warp Gate  
  26  2:25  Probe (Chrono Boost)  
  27  2:35  Probe (Chrono Boost)  
  28  2:43  Probe (Chrono Boost)  
  29  2:46  Stargate, Probe (Chrono Boost)  
  29  2:54  Probe (Chrono Boost)  
  29  2:56  Probe (Chrono Boost)  
  31  3:05  Probe (Chrono Boost)  
  32  3:07  Probe (Chrono Boost)  
  32  3:09  Gateway  
  32  3:12  Gateway  
  33  3:15  Probe (Chrono Boost)  
  33  3:19  Probe (Chrono Boost)  
  35  3:27  Probe (Chrono Boost)  
  35  3:30  Oracle (Chrono Boost), Probe (Chrono Boost)  
  40  3:39  Probe  
  40  3:40  Pylon  
  41  3:47  Pylon  
  42  3:49  Mothership Core  
  42  3:54  Assimilator  
  43  3:56  Assimilator, Probe  
  43  4:02  Phoenix (Chrono Boost)  
  46  4:07  Probe  
  47  4:10  Probe  
  48  4:18  Probe  
  48  4:19  Forge  
  48  4:22  Probe  
  50  4:28  Adept  
  50  4:29  Adept x2  
  50  4:30  Probe  
  56  4:34  Probe  
  58  4:44  Probe  
  58  4:46  Probe  
  60  4:53  Pylon  
  60  4:54  Protoss Ground Weapons Level 1  
  60  4:55  Probe  
  60  4:56  Pylon  
  60  4:58  Probe  
  62  5:03  Pylon  
  62  5:11  Phoenix (Chrono Boost)  
  64  5:22  Probe  
  64  5:24  Probe  
  64  5:25  Nexus  
  64  5:26  Pylon  
  66  5:31  Sentry x3  
  72  5:40  Gateway x2  
  72  5:44  Gateway, Probe  
  72  5:46  Probe  
  74  5:53  Oracle (Chrono Boost)  
  77  5:57  Adept x2  
  77  6:00  Probe  
  82  6:06  Probe  
  82  6:08  Sentry  
  85  6:12  Probe  
  85  6:17  Pylon  
  86  6:23  Pylon  
  86  6:24  Adept x2  
  90  6:29  Twilight Council  
  90  6:30  Probe  
  90  6:31  Probe  
  92  6:38  Adept, Probe  
  94  6:40  Probe  
  94  6:43  Probe  
  96  6:51  Probe x2  
  96  6:52  Gateway  
  96  6:53  Gateway  
  98  6:55  Pylon, Probe  
  98  6:57  Sentry x2  
  103  7:03  Assimilator  
  103  7:05  Assimilator  
  103  7:07  Pylon  
  103  7:11  Pylon  
  103  7:12  Probe  
  103  7:13  Probe  
  103  7:14  Probe  
  106  7:18  Charge (Chrono Boost)  
  106  7:19  Phoenix  
  108  7:23  Templar Archives, Probe x2  
  108  7:26  Probe  
  111  7:30  Zealot x3  
  111  7:35  Robotics Facility  
  117  7:49  Protoss Ground Weapons Level 2  
  117  7:53  Stalker  
  117  7:54  Stalker x3  
  125  7:59  High Templar  
  125  8:00  High Templar x3  
  125  8:03  Archon  
  125  8:04  Archon  
  133  8:07  Photon Cannon x2  
  133  8:10  Photon Cannon  
  133  8:14  Pylon  
  133  8:16  Pylon  
  133  8:34  Psionic Storm  
  133  8:40  High Templar x3  
  139  8:45  Nexus  
  139  8:47  Pylon  
  139  8:49  Pylon, Warp Prism (Chrono Boost)  
  139  8:54  Gateway  
  139  8:55  Probe x2  
  141  8:56  Probe  
  141  8:58  Gateway  
  144  9:04  Pylon  
  144  9:06  Pylon  
  140  9:16  Zealot x5  
  140  9:17  Zealot x3  
  150  9:22  Photon Cannon  
  154  9:25  Probe x2  
  154  9:26  Photon Cannon  
  154  9:27  Probe  
  154  9:29  Photon Cannon  
  141  9:58  Warp Prism (Chrono Boost), Probe x3  
  141  9:59  Probe  
  137  10:02  Zealot x4  
  137  10:03  Assimilator, Zealot x4  
  137  10:06  Assimilator  
  149  10:19  Probe x2  
  149  10:20  Probe  
  149  10:21  Probe  
  151  10:31  Photon Cannon  
  151  10:32  Zealot x5, Photon Cannon  
  151  10:33  Zealot x4  
  149  10:40  Pylon  
  137  10:49  Pylon  
  137  10:59  High Templar x4  
  137  11:00  High Templar x5  
  137  11:01  High Templar  
  157  11:04  Archon x2  
  157  11:05  Archon x2  
  157  11:06  Archon  
  157  11:11  Gateway  
  157  11:13  Gateway  
  157  11:15  Probe x3  
  157  11:16  Probe  
  161  11:23  Nexus  
  161  11:26  Pylon  
  161  11:27  Pylon  
  161  11:35  Stalker x3  
  161  11:36  Stalker x4  
  175  11:40  Zealot  
  175  11:41  Zealot  
  175  11:42  Zealot  
  149  12:06  Zealot x3  
  149  12:07  Zealot x5  
  145  12:22  Photon Cannon  
  145  12:23  Photon Cannon  
  145  12:36  Sentry x3  
  151  12:37  Zealot x4  
  151  12:38  Stalker  
  151  12:39  Stalker x2  
Show
View Real Time Build Order
Export as new Build Order

Yata Zerg 

Build Orders: Pool First 

Get SALT Encoding   

  12  0:01  Drone  
  13  0:12  Overlord  
  13  0:18  Drone  
  14  0:30  Drone  
  14  0:33  Extractor  
  14  0:44  Spawning Pool  
  14  0:45  Drone  
  14  0:48  Drone  
  15  0:56  Drone  
  16  1:25  Drone  
  17  1:27  Drone  
  17  1:31  Hatchery  
  17  1:33  Drone  
  18  1:44  Queen  
  20  1:48  Zergling x2  
  20  1:53  Drone  
  22  1:58  Metabolic Boost  
  22  2:05  Overlord  
  22  2:26  Queen  
  22  2:28  Zergling x4  
  26  2:33  Baneling Nest  
  25  2:37  Evolution Chamber  
  24  2:53  Drone x4  
  24  2:56  Drone  
  29  3:11  Spore Crawler x2  
  27  3:31  Zergling x4  
  29  3:36  Drone x6  
  35  3:41  Drone  
  35  3:42  Extractor  
  35  3:45  Overlord  
  35  4:04  Drone  
  36  4:10  Overlord x3  
  36  4:18  Baneling x2  
  36  4:19  Baneling x2  
  36  4:27  Queen  
  38  4:32  Lair  
  38  4:42  Drone x3  
  41  4:46  Zerg Missile Weapons Level 1  
  39  4:59  Drone x4  
  44  5:00  Drone x3  
  44  5:03  Pneumatized Carapace  
  46  5:12  Zergling x4  
  46  5:13  Zergling x8  
  52  5:30  Hydralisk Den  
  51  5:39  Overlord  
  51  5:40  Overlord x2  
  51  5:44  Hatchery  
  50  6:03  Zergling x20  
  50  6:04  Zergling x2  
  54  6:12  Zergling x2  
  53  6:18  Muscular Augments  
  53  6:28  Evolution Chamber  
  52  6:45  Hydralisk  
  52  6:46  Hydralisk x7  
  59  6:54  Zergling x2  
  59  6:55  Zergling x6  
  63  7:01  Hydralisk  
  65  7:08  Drone  
  65  7:09  Drone x4  
  65  7:14  Drone x2  
  72  7:22  Zerg Ground Armor Level 1  
  72  7:27  Extractor  
  71  7:34  Drone x10  
  81  7:38  Overlord  
  77  7:56  Overlord x3  
  77  7:57  Overlord x2  
  77  8:16  Hydralisk x3  
  77  8:17  Hydralisk x3  
  89  8:21  Overlord  
  89  8:22  Zergling x8  
  93  8:31  Drone x6  
  99  8:39  Extractor  
  98  8:49  Hatchery, Overseer  
  98  8:54  Hydralisk x3  
  98  8:55  Hydralisk  
  105  9:09  Zergling x20  
  110  9:10  Zergling x2  
  105  9:17  Zergling x2  
  105  9:18  Zergling x2  
  107  9:28  Zergling x2  
  107  9:29  Zergling x8  
  112  9:34  Zerg Missile Weapons Level 2  
  112  9:36  Zerg Melee Weapons Level 1  
  112  9:41  Baneling  
  112  9:42  Baneling x4  
  105  9:57  Zergling x2  
  105  9:58  Zergling x26  
  105  10:14  Zergling x6  
  105  10:15  Zergling x2  
  105  10:19  Drone x4  
  112  10:21  Queen  
  112  10:22  Queen  
  112  10:23  Queen  
  100  10:38  Zergling x16  
  86  10:51  Hydralisk x6  
  92  10:57  Queen  
  92  11:03  Zergling x6  
  97  11:09  Hydralisk x5  
  107  11:16  Baneling  
  107  11:17  Baneling x11  
  107  11:21  Centrifical Hooks  
  107  11:32  Infestation Pit, Zergling x2  
  107  11:33  Zergling x12, Queen  
  115  11:44  Zergling x10  
  92  12:02  Zergling x26  
  92  12:03  Zergling x6  
  96  12:11  Hydralisk  
  83  12:20  Hydralisk  
  83  12:21  Hydralisk x3  
  88  12:25  Baneling  
  88  12:26  Baneling  
  88  12:27  Baneling x5  
  76  12:34  Hydralisk  
  74  12:43  Baneling x4  
  74  12:44  Baneling x3  
Tags
 
Add a new tag
Caveats
  • Supply blocks, unpowered buildings, or Contaminate may cause inaccurate times.
  • Supply counts are checked every 10 seconds.